 Dungeon Crawl Stone Soup version 0.31.0-11-ge490571c62 (webtiles) character file.

Game seed: 13352831591889185311

33 dorian the Sneak (level 3, -1/18 HPs)
             Began as a Vine Stalker Brigand on Jan 26, 2024.
             Slain by Terence
             ... wielding a +0 short sword of electrocution
              (12 damage)
             ... on level 2 of the Dungeon.
             The game lasted 00:01:09 (853 turns).

dorian the Sneak (Vine Stalker Brigand)              Turns: 853, Time: 00:01:10

Health: -1/18      AC:  3    Str: 13    XL:     3   Next: 29%
Magic:  0/4        EV: 12    Int: 11    God:
Gold:   101        SH:  0    Dex: 17    Spells: 2/2 levels left

rFire   . . .        j - +2 dagger (speed)
rCold   . . .        (no shield)
rNeg    . . .        b - +0 robe
rPois   .            (no helmet)
rElec   .            c - +0 cloak
rCorr   .            (no gloves)
SInv    .            (no boots)
Will    .....        (no amulet)
Stlth   +++          (no ring)
HPRegen 1.03/turn    (no ring)
MPRegen 0.09/turn

%: guardian spirit
@: no status effects
A: fangs 2, regeneration 1, magic shield, antimagic bite, no potion heal 2
a: no special abilities


You were on level 2 of the Dungeon.
You visited 1 branch of the dungeon, and saw 2 of its levels.

You collected 101 gold pieces.

Inventory:

Hand Weapons
 a - a +2 dagger
 j - a +2 dagger of speed (weapon)
Missiles
 d - 9 poisoned darts (quivered)
 e - 3 curare-tipped darts
Armour
 b - a +0 robe (worn)
 c - a +0 cloak (worn)
Scrolls
 f - a scroll of poison {unknown}
 g - 4 scrolls of identify {unknown}
 i - 2 scrolls of teleportation {unknown}
Potions
 h - a potion of cancellation {unknown}


   Skills:
 + Level 2.2 Fighting
 * Level 2.6 Short Blades
 - Level 1.7 Throwing
 + Level 1.3 Dodging
 - Level 4.8 Stealth


You had 2 spell levels left.
You didn't know any spells.
Your spell library contained the following spells:

 Spells                   Type           Power      Damage    Failure   Level
 Cigotuvi's Dreadful Rot  Necr/Alch/Air  0%         N/A       47%         2
 Ignite Poison            Fire/Alch      0%         N/A       98%         4
 Freezing Cloud           Conj/Ice/Air   0%         6-21      100%        5


Dungeon Overview and Level Annotations

Branches:
Dungeon (2/15) Zot: 11156

Altars:

Annotations:
D:2 Terence


Innate Abilities, Weirdness & Mutations

You have extremely sharp teeth.
Your natural rate of healing is unusually fast.
When hurt, damage is shared between your health and your magic reserves.
Your bite disrupts and absorbs the magic of your enemies.
Potions cannot restore your health.


Message History

The helpless bat fails to defend itself.
You impale the bat!!
You kill the bat!
A kobold is nearby!
A kobold is nearby!
Terence the Incautious comes into view.
He is wielding a +0 short sword of electrocution.
Found a scroll labelled BEVISIKKO.
Terence shouts!
The kobold shouts!
You hit the kobold but do no damage. Your bite misses the kobold.
The kobold hits you with a +0 short sword.
You barely miss the kobold. Your bite misses the kobold. You hit the kobold.
You kill the kobold!
Found a beast talisman.
Terence hits you with a +0 short sword of electrocution.
You hit Terence but do no damage. Your bite misses Terence.
You hit Terence but do no damage. You bite Terence. You drain his power.
You feel invigorated.
Terence is lightly wounded.
Terence barely misses you.
You hit Terence but do no damage.
Terence is lightly wounded.
Terence hits you but does no damage.
You hit Terence but do no damage. You bite Terence, but do no damage.
Terence is lightly wounded.
You barely miss Terence.
Terence is lightly wounded.
Terence hits you with a +0 short sword of electrocution!
You are too injured to fight recklessly!
You are too injured to fight recklessly!
You are too injured to fight recklessly!
You hit Terence. You bite Terence, but do no damage.
Terence is lightly wounded.
You hit Terence.
Terence is moderately wounded.
Terence hits you with a +0 short sword of electrocution.
You are electrocuted!
Ouch! That really hurt!
You die...
Terence says, "That felt goooood."

###########
..........#####
..............#
####.#.##.###.##########
....<#...........#......
######..........).....?%
##........#†#.##@######
..........#.#.##@#
..........#.#.##.#
##.#####.##.#.##.# #.#
#.##.#.##.# #.#
#.##.#.##.# ##.#
#.##.#.##.. >..# #.# #..
#######...


You could see Terence.

Vanquished Creatures
  An adder (D:2)
  A ball python (D:1)
  6 endoplasms
  A giant cockroach (D:1)
  2 goblins (D:1)
  2 hobgoblins (D:1)
  3 kobolds
  2 bats
  2 frilled lizards (D:1)
  2 rats (D:1)
22 creatures vanquished.

Notes
Turn   | Place    | Note
-------+----------+-------------------------------------------
     0 | D:1      | dorian the Vine Stalker Brigand began the quest for the
                  | Orb.
     0 | D:1      | Reached XP level 1. HP: 11/11 MP: 2/2
   154 | D:1      | Reached skill level 1 in Dodging
   159 | D:1      | Reached XP level 2. HP: 15/15 MP: 3/3
   796 | D:2      | Reached XP level 3. HP: 18/18 MP: 4/4
   842 | D:2      | Noticed Terence
   853 | D:2      | Slain by Terence

Illustrated notes

Levels and vault maps discovered:
D:1:      erik_arrival_blinker_ship, layout_basic
D:2:      layout_loops_ring, uniq_terence

Skill      XL: |  1  2 |
---------------+-------+-----
Short Blades   | 2 |  2.6
Dodging        | 1 |  1.3
Fighting       | 2 |  2.2
Throwing       | |  1.7
Stealth        | |  4.8

Action                     || total
---------------------------++-------
  Melee: Dagger            ||    57
         Bite              ||    17
         Punch             ||     1
   Stab: Sleeping          ||     5
 Armour: Robe              ||    16
  Dodge: Dodged            ||    21
